 Dungeon Crawl Stone Soup version 0.16.1-4-g8e1b745 (webtiles) character file.

1109 Zapata the Basher (level 8, -1/69 HPs)
             Began as a Kobold Berserker on Mar 27, 2015.
             Was an Elder of Trog.
             Slain by a centaur (6 damage)
             ... on level 6 of the Dungeon.
             The game lasted 00:09:49 (7579 turns).

Zapata the Basher (Kobold Berserker)                Turns: 7579, Time: 00:09:49

Health: -1/69      AC:  2    Str: 20    XL:     8   Next: 59%
Magic:  8/8        EV: 16    Int:  5    God:    Trog [****..]
Gold:   324        SH:  0    Dex: 20    Spells: 0 memorised, 7 levels left

rFire  . . .     SeeInvis .     a - +0 whip (elec)
rCold  . . .     Clarity  .     b - +0 animal skin
rNeg   . . .     SustAb   .     (no shield)
rPois  .         Gourm    .     (no helmet)
rElec  .         Spirit   .     (no cloak)
rCorr  +         Warding  .     (no gloves)
rMut   .         Stasis   .     (no boots)
MR     .....                    r - amulet of resist corrosion
Stlth  ..........               n - +2 ring of dexterity
                                w - ring of flight

@: berserking, very quick, not resistant to hostile enchantments, extremely
unstealthy
A: carnivore 3
a: Burn Spellbooks, Berserk, Trog's Hand, Brothers in Arms, Renounce Religion,
Evoke Flight


You were on level 6 of the Dungeon.
You worshipped Trog.
Trog was greatly pleased with you.
You were full.

You visited 1 branch of the dungeon, and saw 6 of its levels.

You collected 324 gold pieces.

Inventory:

Hand weapons
 a - a +0 whip of electrocution (weapon)
Missiles
 g - 167 stones (quivered)
 B - 15 bolts
 E - 3 tomahawks
Armour
 b - a +0 animal skin (worn)
Jewellery
 m - an uncursed ring of teleportation
 n - a +2 ring of dexterity (right hand)
 r - an amulet of resist corrosion (around neck)
 w - a ring of flight (left hand)
Magical devices
 f - a wand of polymorph (6)
 p - a wand of polymorph (11)
 t - a wand of teleportation (6)
Scrolls
 e - 3 scrolls of remove curse
 i - 2 scrolls of blinking
 k - 3 scrolls of recharging
 q - 3 scrolls of fog
 s - 2 scrolls of magic mapping {unknown}
 x - 3 scrolls of enchant weapon
 y - a scroll of noise {unknown}
 F - 2 scrolls of fear {unknown}
Potions
 h - a potion of resistance {unknown}
 j - a potion of restore abilities {unknown}
 l - 3 potions of curing
 o - a potion of lignification {unknown}
 u - a potion of heal wounds {unknown}
 v - a potion of degeneration {unknown}
 z - 2 potions of agility {unknown}
 A - a potion of ambrosia {unknown}
 C - 3 potions of mutation {unknown}
 D - 2 potions of might
Comestibles
 c - 4 meat rations
 d - 2 slices of pizza


   Skills:
 - Level 3.2 Fighting
 + Level 10.0 Maces & Flails
 - Level 1.5 Armour
 - Level 2.4 Dodging


You had 7 spell levels left.
You didn't know any spells.

Dungeon Overview and Level Annotations

Branches:
Dungeon (6/15)
 Temple: D:4-7

Altars:
Fedhas

Annotations:
D:2 Crazy Yiuf
D:6 Blork the orc


Innate Abilities, Weirdness & Mutations

You are small and have problems with some larger weapons.
You are carnivorous and can eat meat at any time.


Message History

You are too injured to fight recklessly!
You are too injured to fight recklessly!
You are too injured to fight recklessly!
You are too injured to fight recklessly!
You are too injured to fight recklessly!
You are too injured to fight recklessly!
Huge Dmg: -58%(-27hp) hp: 27%(12hp) Use which ability? (? or * to list)
A red film seems to cover your vision as you go berserk!
You feel yourself moving faster!
You feel mighty!
You feel somewhat less full.
The centaur shoots an arrow.
The arrow misses you. The giant cockroach bites you.
* * * LOW HITPOINT WARNING * * *
The centaur shoots an arrow.
The arrow hits you!
* * * LOW HITPOINT WARNING * * *
Huge Dmg: -10%(-7hp) hp: 8%(5hp)
You feel a strong urge to attack something.
The centaur unwields an uncursed shortbow.
The centaur hits you.
You die...

####.#### . #.#### ...
#.#... ...# #..... #
.......###..... #.
../#..........#
##..#####.....#..##....#
#.....c...##.###....####
#.....s@..%..# #.##.# #
#$...##(###### # #.# ##
##. #(# #.# #. #(# #.#
#. #(# #.###. ##.#
#.#..... #..# #..#...#
#.## #.....# #(# ##.#...


You could see a centaur and a giant cockroach.

Vanquished Creatures
  The ghost of Ladykiller69 the Shield-Bearer, an average FoFi (D:4)
  A phantom (D:5)
  An ogre (D:4)
  Sigmund (D:2)
  2 giant frogs (D:6)
  A scorpion (D:4)
  A goliath beetle (D:6)
  A crimson imp (D:5)
  2 jellies (D:5)
  An orc priest (D:5)
  2 iguanas
  2 hounds (D:4)
  4 worker ants (D:5)
  An orc wizard (D:5)
  Jessica (D:2)
  Terence (D:2)
  7 adders
  2 giant mites (D:4)
  2 worms
  An adder zombie (D:5)
  2 adder skeletons
  3 oozes
  10 orcs
  4 ball pythons
  2 bat skeletons
  6 giant cockroaches
  18 goblins
  12 hobgoblins
  2 jackals (D:2)
  7 kobolds
  3 quokkas
  11 bats
  6 giant geckos
  2 giant newts
  A jackal skeleton (D:4)
  A quokka skeleton (D:4)
  6 rats
131 creatures vanquished.

Notes
Turn   | Place    | Note
--------------------------------------------------------------
     0 | D:1      | Zapata, the Kobold Berserker, began the quest for the Orb.
     0 | D:1      | Reached XP level 1. HP: 14/14 MP: 1/1
   415 | D:1      | Reached XP level 2. HP: 14/19 MP: 2/2
  1058 | D:2      | Reached skill level 4 in Maces & Flails
  1058 | D:2      | Reached XP level 3. HP: 16/23 MP: 3/3
  1478 | D:2      | Acquired Trog's second power
  1478 | D:2      | Reached XP level 4. HP: 23/28 MP: 4/4
  1699 | D:2      | Found a blossoming altar of Fedhas.
  1718 | D:2      | Noticed Jessica
  1730 | D:2      | Killed Jessica
  1739 | D:2      | Reached skill level 5 in Maces & Flails
  1892 | D:2      | Noticed Crazy Yiuf
  1914 | D:2      | Noticed Terence
  1934 | D:2      | Noticed Sigmund
  2172 | D:2      | Killed Sigmund
  2172 | D:2      | Reached XP level 5. HP: 32/32 MP: 5/5
  2594 | D:2      | Killed Terence
  2594 | D:2      | Reached skill level 6 in Maces & Flails
  3801 | D:3      | Reached XP level 6. HP: 37/37 MP: 6/6
  4240 | D:4      | Noticed Ladykiller69's ghost (average FoFi)
  4255 | D:4      | Killed Ladykiller69's ghost
  4255 | D:4      | Reached skill level 7 in Maces & Flails
  4255 | D:4      | Reached XP level 7. HP: 26/41 MP: 7/7
  4399 | D:4      | Reached skill level 8 in Maces & Flails
  5012 | D:5      | Entered Level 5 of the Dungeon
  5510 | D:5      | Reached XP level 8. HP: 46/46 MP: 8/8
  5698 | D:5      | Acquired Trog's third power
  5904 | D:5      | Reached skill level 9 in Maces & Flails
  7193 | D:6      | Reached skill level 10 in Maces & Flails
  7494 | D:6      | Noticed Blork the orc
  7579 | D:6      | Slain by a centaur

Action                   |  1- 3 |  4- 6 |  7- 9 || total
-------------------------+-------+-------+-------++-------
Melee: Mace              |   107 |    85 |       ||   192
       Unarmed           |       |     4 |       ||     4
       Whip              |       |    51 |   200 ||   251
Throw: Stone             |     8 |     7 |     2 ||    17
Invok: Berserk           |     2 |     8 |     5 ||    15
       Burn Spellbooks   |       |     1 |       ||     1
 Abil: Evoke Teleportati |     1 |     1 |       ||     2
       Evoke Flight      |       |     1 |       ||     1
  Use: Potion            |       |     1 |       ||     1
       Scroll            |       |     5 |     1 ||     6
 Stab: Sleeping          |     1 |     1 |     3 ||     5
  Eat: Chunk             |     5 |    14 |    13 ||    32
       Beef jerky        |       |     1 |       ||     1
       Meat ration       |       |       |     1 ||     1
